 Dungeon Crawl Stone Soup version 0.18-a0-1677-g2bdad6c (webtiles) character file.

48 MenacingMecha the Slasher (level 3, -3/32 HPs)
             Began as a Naga Gladiator on Apr 2, 2016.
             Slain by a goblin
             ... wielding a +0 club
             ... led by Robin
              (8 damage)
             ... on level 2 of the Dungeon.
             The game lasted 00:03:57 (1514 turns).

MenacingMecha the Slasher (Naga Gladiator)          Turns: 1514, Time: 00:03:58

Health: -3/32      AC:  6    Str: 22    XL:     3   Next: 72%
Magic:  3/3        EV:  8    Int:  6    God:
Gold:   95         SH:  0    Dex: 12    Spells: 0 memorised, 2 levels left

rFire  . . .     SeeInvis +     a - +0 long sword
rCold  . . .     Gourm    .     m - +0 scale mail
rNeg   . . .     Faith    .     (no shield)
rPois  +         Spirit   .     c - +1 helmet
rElec  .         Dismiss  .     (no cloak)
rCorr  .         Reflect  .     (no gloves)
SustAt .         Harm     .     (no barding)
MR     +....                    (no amulet)
Stlth  ..........               n - -2 ring of intelligence
                                k - ring of protection from magic

@: mighty, very slow, somewhat resistant to hostile enchantments, extremely
unstealthy
A: see invisible, deformed body, poison resistance, slowness 2, slow metabolism
1, spit poison 2, AC +1
a: Spit Poison


You were on level 2 of the Dungeon.
You were not hungry.

You visited 1 branch of the dungeon, and saw 2 of its levels.

You collected 95 gold pieces.

Inventory:

Hand Weapons
 a - a +0 long sword (weapon)
Missiles
 d - 3 throwing nets (quivered)
Armour
 c - a +1 helmet (worn)
 m - a +0 scale mail (worn)
Jewellery
 k - a ring of protection from magic (left hand)
 n - a -2 ring of intelligence (right hand)
Scrolls
 h - a scroll of remove curse
 i - 2 scrolls of noise
Potions
 b - a potion of might
Comestibles
 f - 2 bread rations
 j - a meat ration
 o - 2 fruits


   Skills:
 - Level 2.0 Fighting
 + Level 4.5 Long Blades
 - Level 1.7 Throwing
 - Level 2.4 Dodging


You had 2 spell levels left.
You didn't know any spells.

Dungeon Overview and Level Annotations

Branches:
Dungeon (2/15)

Altars:

Annotations:
D:2 Natasha, Robin


Innate Abilities, Weirdness & Mutations

You cannot wear boots.
Your serpentine skin is tough (AC +1).
You have supernaturally acute eyesight.
Armour fits poorly on your strangely shaped body.
Your system is resistant to poisons.
You cover ground very slowly.
You have a slow metabolism.
You can spit poison.


Message History

You kill the goblin!
The goblin barely misses you. The goblin closely misses you.
The giant cockroach barely misses you.
You slash the giant cockroach!
You kill the giant cockroach!
The goblin hits you with a dagger.
* * * LOW HITPOINT WARNING * * *
The goblin closely misses you.
Robin roars a battlecry!
The goblins go into a battle-frenzy!
Robin closely misses you.
A rat comes into view.
The goblin barely misses you. The goblin hits you with a dagger.
* * * LOW HITPOINT WARNING * * *
Items here: ( ))) †† The goblin no longer looks unusually strong.
Robin throws the goblin at you!
* * * LOW HITPOINT WARNING * * *
The goblin hits you with a club!
You die...

.PPP♣##..##....
♣P........r..#
♣...##.....
♣♣#.S<....#
#♣♣♣♣...gg.####
#......#gg...#
##..####gg##...#
.... ###g## ##.#
## #.@g# ..
#...### . ###.
#. #. ##


You could see Robin, an adder, 7 goblins and a rat.

Vanquished Creatures
  An adder (D:2)
  A dart slug (D:1)
  An orc (D:1)
  A ball python (D:1)
  2 bats (D:1)
  3 giant cockroaches
  12 goblins
  3 hobgoblins
  A giant newt (D:1)
  2 kobolds (D:1)
  4 rats (D:1)
31 creatures vanquished.

Notes
Turn   | Place    | Note
--------------------------------------------------------------
     0 | D:1      | MenacingMecha the Naga Gladiator began the quest for the Orb.
     0 | D:1      | Reached XP level 1. HP: 19/19 MP: 1/1
   424 | D:1      | Reached XP level 2. HP: 20/26 MP: 2/2
   852 | D:1      | Reached skill level 4 in Long Blades
   864 | D:1      | Reached XP level 3. HP: 30/32 MP: 3/3
  1323 | D:2      | Noticed Natasha
  1492 | D:2      | Noticed Robin
  1514 | D:2      | Slain by a goblin

Vault maps used:
D:1:      minmay_arrival_plants_in_alcoves
D:2:      serial_forest, infiniplex_forest_clump_cross,
          infiniplex_forest_lined_room_3, infiniplex_forest_end_2,
          infiniplex_forest_corner_1, infiniplex_forest_straight_2, uniq_robin,
          uniq_natasha

Skill      XL: |  1  2 |
---------------+-------+-----
Long Blades    | 4 |  4.5
Fighting       | |  2.0
Throwing       | |  1.7
Dodging        | |  2.4

Action                   || total
-------------------------++-------
Melee: Long sword        ||    79
 Abil: Spit Poison       ||     2
  Use: Scroll            ||     4
       Potion            ||     2
  Eat: Chunk             ||     1
